 Dungeon Crawl Stone Soup version 0.30-a0-613-gdd512c7efb (webtiles) character file.

Game seed: 4519574024623868886

443 OTABOTABOTAB the Conjurer (level 6, -8/32 HPs)
             Began as a Deep Elf Conjurer on Jan 8, 2023.
             Mangled by Pikel
             ... wielding a +1 whip of electrocution
              (20 damage)
             ... on level 5 of the Dungeon.
             The game lasted 00:08:32 (4667 turns).

OTABOTABOTAB the Conjurer (Deep Elf Conjurer)       Turns: 4667, Time: 00:08:33

Health: -8/32      AC:  8    Str: 18    XL:     6   Next: 71%
Magic:  4/17       EV: 12    Int: 25    God:
Gold:   188        SH:  0    Dex: 11    Spells: 6/17 levels left

rFire   . . .      SeeInvis .    d - +0 spear
rCold   . . .      Faith    .    (no shield)
rNeg    . . .      Spirit   .    a - +0 robe
rPois   .          Reflect  .    i - +0 helmet
rElec   .          Harm     +    m - +0 cloak
rCorr   .          Rampage  .    r - +0 pair of gloves
Will    .....                    y - +2 pair of boots "Zuapha" {Harm Str+8 Dex-2}
Stlth   ++                       (no amulet)
HPRegen 0.25/turn                l - +6 ring of strength
MPRegen 0.15/turn                (no ring)

@: no status effects
A: no striking features
a: no special abilities


You were on level 5 of the Dungeon.
You visited 1 branch of the dungeon, and saw 5 of its levels.

You collected 268 gold pieces.
You spent 80 gold pieces at shops.

Inventory:

Hand Weapons
 d - a +0 spear (weapon)
   (You found it on level 1 of the Dungeon)
Missiles
 b - 15 poisoned darts
 s - 33 stones
 v - 2 boomerangs of dispersal {=f}
Armour
 a - a +0 robe (worn)
 f - a +0 pair of boots
   (You found it on level 3 of the Dungeon)
 i - a +0 helmet (worn)
   (You found it on level 4 of the Dungeon)
 m - a +0 cloak (worn)
   (You found it on level 3 of the Dungeon)
 r - a +0 pair of gloves (worn)
   (You found it on level 3 of the Dungeon)
 y - the +2 pair of boots "Zuapha" (worn) {Harm Str+8 Dex-2}
   (You found it on level 5 of the Dungeon)

   Str:       It affects your strength (+8).
   Dex:       It affects your dexterity (-2).
   Harm:      It increases damage dealt and taken.
Jewellery
 l - a +6 ring of strength (left hand)
   (You found it on level 2 of the Dungeon)
 w - an amulet of guardian spirit
   (You found it on level 5 of the Dungeon)
Scrolls
 c - a scroll of brand weapon {unknown}
 h - a scroll of immolation {unknown}
 j - a scroll of magic mapping {unknown}
 n - a scroll of identify {@r1}
 u - a scroll of blinking {unknown}
 x - a scroll of amnesia {unknown}
Potions
 e - a potion of haste {unknown}
 g - a potion of attraction {!q}
 k - 2 potions of lignification {unknown}
 o - 2 potions of mutation {unknown}
 p - a potion of cancellation {unknown}
 q - a potion of brilliance {unknown}
 t - a potion of berserk rage {unknown}
 I - 2 potions of invisibility
 J - 3 potions of curing {@q1}
 L - a potion of flight
 N - 2 potions of heal wounds {@q2}


   Skills:
 - Level 2.4 Dodging
 - Level 2.4 Stealth
 + Level 6.2 Spellcasting
 + Level 6.3 Conjurations
 - Level 3.0 Hexes
 + Level 2.6 Translocations


You had 6 spell levels left.
You knew the following spells:

 Your Spells              Type           Power      Damage    Failure   Level
a - Magic Dart            Conj           100%       1d8       1%          1
b - Searing Ray           Conj           78%        2d7       1%          2
c - Fulminant Prism       Conj/Hex       15%        3d10      11%         4
x - Iskenderun's Mystic   Conj/Tloc      30%        2d8       11%         4

Your spell library contained the following spells:

 Spells                   Type           Power      Damage    Failure   Level
 Momentum Strike          Conj/Tloc      60%        3d9       1%          2
 Apportation              Tloc           42%        N/A       2%          1
 Blink                    Tloc           42%        N/A       3%          2
 Dazzling Flash           Conj/Hex       62%        N/A       3%          3
 Hailstorm                Conj/Ice       23%        3d7       6%          3
 Lesser Beckoning         Tloc           42%        N/A       7%          3
 Vhi's Electric Charge    Tloc/Air       28%        N/A       13%         3
 Arcjolt                  Conj/Air       11%        1d21      47%         5
 Ice Form                 Ice/Tmut       7%         N/A       58%         4
 Silence                  Hex/Air        7%         N/A       73%         5
 Agony                    Necr           7%         N/A       90%         5
 Alistair's Intoxication  Tmut/Pois      4%         N/A       90%         5
 Simulacrum               Ice/Necr       3%         N/A       100%        6
 Maxwell's Capacitive Co  Air            3%         ∞         100%        8


Dungeon Overview and Level Annotations

Branches:
Dungeon (5/15)
 Temple: D:4-7

Altars:
Nemelex Xobeh

Shops:
D:3 !

Annotations:
D:5 Pikel


Message History

The orc priest mumbles some strange prayers to Beogh against you.
Beogh smites you!
Ouch! That really hurt!
The orc wizard gestures at you while chanting.
The magic dart hits you!
* * * LOW HITPOINT WARNING * * *
You take 28 damage, and have 4/32 hp.
MASSIVE DAMAGE!!
You feel much better.
The orc priest invokes the aid of Beogh against you.
Beogh smites you!
You regained 13 hp, and now have 17/32 hp.
The orc wizard attacks as you move away!
The orc wizard misses you.
The spell is quite dangerous to miscast (12% risk of failure)!
Continue anyway?
You erupt in a blast of force!
The mystic blast hits the orc wizard.
The orc wizard is knocked back by the mystic blast.
You now have 7/17 mp.
The spell is quite dangerous to miscast (12% risk of failure)!
Continue anyway?
You miscast Iskenderun's Mystic Blast.
You are very lightly contaminated with residual magic.
Nothing appears to happen.
The orc wizard hits you but does no damage.
You now have 3/17 mp.
You don't have enough magic to cast this spell.
Aim: an orc priest, wielding a +0 flail and wearing a +5 ring of evasion (68% to hit)
The searing ray hits the orc wizard.
The searing ray hits the orc priest! (Press . to maintain the ray.)
The orc wizard hits you but does no damage.
You now have 1/17 mp.
The searing ray hits the orc wizard.
You kill the orc wizard!
The searing ray hits the orc priest!
You kill the orc priest!
You now have 0/17 mp.
Your magical contamination has completely faded away.
You see here a +0 club.
There is a stone staircase leading up here.
You don't know that spell.
You climb upwards.
There is a stone staircase leading down here.
You start resting.
Health restored: 32; MP restored: 17 You climb downwards.
Level annotation: Pikel
There is a stone staircase leading up here.
You see here a +0 club.
A lemure comes into view.
The lemure moves out of view.
The magic dart hits Pikel but does no damage.
Pikel shouts!
You now have 16/17 mp.
The spell is quite dangerous to miscast (11% risk of failure)!
Continue anyway?
You conjure a prism of explosive energy!
A fulminant prism comes into view.
You now have 12/17 mp.
Pikel says, "You'll rust in Dis!"
Your fulminant prism crackles loudly.
Pikel zaps a wand.
You suddenly lose the ability to move!
The blast of energy engulfs Pikel!
The blast of energy engulfs the lemure!
You hear a shout!
Pikel waves his whip at you.
You can move again.
The spell is quite dangerous to miscast (11% risk of failure)!
Continue anyway?
You conjure a prism of explosive energy!
A fulminant prism comes into view.
You now have 9/17 mp.
The lemure hits your fulminant prism.
Pikel says, "You'll make a fine lemure."
Your fulminant prism crackles loudly.
The lemure hits your fulminant prism!
The blast of energy engulfs Pikel!
The blast of energy engulfs the lemure!
You kill the lemure!
That felt strangely unrewarding.
The blast of energy engulfs the lemure!
Aim: Pikel, wielding a +1 whip of electrocution, wearing a +0 robe and carrying a wand of paralysis (7) (heavily wounded, 76% to hit)
The searing ray misses Pikel. (Press . to maintain the ray.) Pikel zaps a wand.
You suddenly lose the ability to move!
Pikel drinks a potion.
Pikel is healed!
You can move again.
You now have 7/17 mp.
Aim: Pikel, wielding a +1 whip of electrocution, wearing a +0 robe and carrying a wand of paralysis (6) (heavily wounded, 76% to hit)
The searing ray misses Pikel. (Press . to maintain the ray.)
The lemure barely misses you.
Pikel hits you with a +1 whip of electrocution.
You take 2 damage, and have 30/32 hp.
You now have 6/17 mp.
The searing ray hits Pikel!
The lemure hits you!
Pikel hits you with a +1 whip of electrocution.
You take 11 damage, and have 19/32 hp.
MASSIVE DAMAGE!!
You now have 5/17 mp.
The searing ray misses Pikel.
The lemure hits you but does no damage.
Pikel hits you with a +1 whip of electrocution!
You are electrocuted!
Ouch! That really hurt!
You die...

.....###..#.......))..####.
................####### #.
.........###.....## #####.
.........##.......# ##..... #
..................###...... ##.
.........##.......##....... #..
.........###......>........ #.#
.........#.K...............
#.###.#######.#@5......##.......
##...o.# #<)..........##.......
.o.#########))####.....###.......
.....## #..).....##...## ##......
.###[)###.)......###### ##..... #
##............# ######
#####........######
########......######
######......###


You could see Pikel and a lemure.

Vanquished Creatures
  A sky beast (D:5)
  3 lemures (D:5)
  A scorpion (D:5)
  2 orc priests (D:5)
  Terence (D:2)
  2 orc wizards (D:5)
  4 gnolls (D:5)
  4 adders
  A white imp (D:5)
  3 worms
  A dart slug (D:2)
  7 orcs
  5 giant cockroaches
  3 hobgoblins
  2 quokkas
  9 ball pythons
  4 bats (D:1)
  4 frilled lizards
  3 goblins
  10 kobolds
  7 rats
77 creatures vanquished.

Vanquished Creatures (others)
  6 fulminant prisms (D:5)
6 creatures vanquished.

Grand Total: 83 creatures vanquished

Notes
Turn   | Place    | Note
-------+----------+-------------------------------------------
     0 | D:1      | OTABOTABOTAB the Deep Elf Conjurer began the quest for the
                  | Orb.
     0 | D:1      | Reached XP level 1. HP: 10/10 MP: 6/6
   408 | D:1      | Reached XP level 2. HP: 15/15 MP: 4/8
   412 | D:1      | Learned a level 2 spell: Searing Ray
  1018 | D:2      | Noticed Terence
  1032 | D:2      | Killed Terence
  1033 | D:2      | Reached skill level 4 in Spellcasting
  1033 | D:2      | Reached skill level 5 in Conjurations
  1033 | D:2      | Reached XP level 3. HP: 13/19 MP: 6/10
  1562 | D:3      | Reached XP level 4. HP: 24/24 MP: 10/12
  1796 | D:3      | Found Sefrosm's Distillery.
  1801 | D:3      | Bought a potion of heal wounds for 50 gold pieces
  1801 | D:3      | Bought a potion of curing for 30 gold pieces
  2357 | D:4      | Learned a level 4 spell: Fulminant Prism
  2362 | D:4      | Learned a level 4 spell: Iskenderun's Mystic Blast
  2563 | D:4      | Reached skill level 5 in Spellcasting
  3024 | D:4      | Found a sparkling altar of Nemelex Xobeh.
  3606 | D:5      | Entered Level 5 of the Dungeon
  3606 | D:5      | Noticed a scorpion
  3726 | D:5      | Noticed a sky beast
  3829 | D:5      | Reached skill level 1 in Hexes
  3829 | D:5      | Reached XP level 5. HP: 12/28 MP: 6/14
  3830 | D:5      | Killed a sky beast
  3831 | D:5      | Reached skill level 6 in Conjurations
  3831 | D:5      | Reached skill level 2 in Hexes
  3831 | D:5      | Reached skill level 1 in Translocations
  3928 | D:5      | Reached skill level 2 in Translocations
  3928 | D:5      | Reached XP level 6. HP: 25/32 MP: 7/16
  4291 | D:5      | Reached skill level 6 in Spellcasting
  4479 | D:5      | Identified the +2 pair of boots "Zuapha" {Harm Str+8 Dex-2}
  4514 | D:5      | Reached skill level 3 in Hexes
  4521 | D:5      | Noticed Pikel
  4522 | D:5      | HP: 4/32 [orc wizard/magic dart (10)]
  4655 | D:5      | Paralysed by Pikel for 3 turns
  4661 | D:5      | Paralysed by Pikel for 4 turns
  4667 | D:5      | Mangled by Pikel

Illustrated notes

Levels and vault maps discovered:
D:1:      shiori_arrival_oz, layout_basic
D:2:      layout_rooms, uniq_terence
D:3:      minmay_spotlight, layout_loops_cross, serial_shops, shop
D:4:      layout_basic, nemelex_spade_bored_becter
D:5:      layout_rooms, okawaru_altar_gauntlet_db, minmay_temple_entry_wispy,
          minmay_a_box_with_orc_wizards_in_it, uniq_pikel,
          uniq_crazy_yiuf_cottage, uniq_blork_the_orc, uniq_edmund

Skill      XL: |  1  2  3  4  5  6 |
---------------+-------------------+-----
Spellcasting   | 4 5 6 |  6.2
Conjurations   | 5 6 |  6.3
Hexes          | 1 2 3 |  3.0
Translocations | 2 |  2.6
Dodging        | |  2.4
Stealth        | |  2.4

Action                   |  1- 3 |  4- 6 || total
-------------------------+-------+-------++-------
Melee: Spear             |    10 |     6 ||    16
 Cast: Magic Dart        |    54 |    51 ||   105
       Searing Ray       |     3 |    18 ||    21
       Fulminant Prism   |       |     7 ||     7
       Iskenderun's Myst |       |     1 ||     1
  Use: Potion            |     1 |     2 ||     3
       Scroll            |       |     7 ||     7
 Stab: Sleeping          |     2 |     3 ||     5
Armor: Robe              |     2 |     7 ||     9
Dodge: Dodged            |     7 |     7 ||    14

Table legend: (Time is in decaauts)
 A = Elapsed time spent in this place.
 B = Non-inter-level travel time spent in this place.
 C = Inter-level travel time spent in this place.
 D = Time resting spent in this place.
 E = Time spent auto-exploring this place.
 F = Levels seen in this place.
 G = Mean time per level.
                   A        B        C        D        E       F      G
               +--------+--------+--------+--------+--------+-----+--------+
         Total |   4671 |   4492 |    179 |    483 |   3469 |   5 |  934.2 |
       Dungeon |   4671 |   4492 |    179 |    483 |   3469 |   5 |  934.2 |
               +--------+--------+--------+--------+--------+-----+--------+

Top non-repeatable levels by time:
     D:4: 1660 daAuts
     D:1: 943 daAuts
     D:3: 842 daAuts
     D:5: 666 daAuts
     D:2: 559 daAuts

Table legend:
 A = Kills in this place as a percentage of kills in entire the game.
 B = Kills by you in this place as a percentage of kills by you in the entire game.
 C = Kills by friends in this place as a percentage of kills by friends in the entire game.
 D = Other kills in this place as a percentage of other kills in the entire game.
 E = Experience gained in this place as a percentage of experience gained in the entire game.
 F = Experience gained in this place divided by the number of levels of this place that you have seen.
                   A       B       C       D       E      F
               +-------+-------+-------+-------+-------+----------------------
         Total | 100.0 | 100.0 |   N/A |   N/A | 100.0 | 126.6
       Dungeon | 100.0 | 100.0 |   N/A |   N/A | 100.0 | 126.6
               +-------+-------+-------+-------+-------+----------------------
